 Dungeon Crawl Stone Soup version 0.31-a0-963-ga325b2283a (webtiles) character file.

Game seed: 11386218473843609192

9603 p00ps00p the Cleaver (level 11, -3/102 HPs)
             Began as a Hill Orc Fighter on Oct 24, 2023.
             Was an Initiate of Gozag.
             Slain by a yak (11 damage)
             ... on level 11 of the Dungeon.
             The game lasted 00:25:28 (13096 turns).

p00ps00p the Cleaver (Hill Orc Fighter)            Turns: 13096, Time: 00:25:28

Health: -3/102     AC: 16    Str: 24    XL:     11   Next: 49%
Magic:  11/11      EV: 13    Int: 14    God:    Gozag
Gold:   309        SH: 11    Dex: 10    Spells: 10/10 levels left

rFire   . . .        b - +2 hand axe (freeze)
rCold   . . .        c - +0 buckler
rNeg    . . .        j - +2 chain mail
rPois   .            (no helmet)
rElec   .            k - +0 cloak
rCorr   .            (no gloves)
SInv    +            u - +0 pair of boots
Will    .....        q - amulet of reflection Stlth
                     i - +6 ring of intelligence
HPRegen 0.37/turn    A - ring of Agnosticism {EV+5 SInv}
MPRegen 0.12/turn

%: reflection
@: no status effects
A: no striking features
a: Renounce Religion, Potion Petition, Call Merchant, Bribe Branch


You were on level 11 of the Dungeon.
You worshipped Gozag.
Gozag was aware of your devotion.
You visited 2 branches of the dungeon, and saw 12 of its levels.
You also visited: Sewer, Ossuary and Bailey.

You collected 2817 gold pieces.
You spent 1044 gold pieces at shops.
You paid 1464 gold pieces to Gozag.

Inventory:

Hand Weapons
 a - a +2 war axe of chaos
 b - a +2 hand axe of freezing (weapon)
 l - a +1 hand axe
Missiles
 y - 6 silver javelins
Armour
 c - a +0 buckler (worn)
 j - a +2 chain mail (worn)
 k - a +0 cloak (worn)
 u - a +0 pair of boots (worn)
Jewellery
 g - a ring of wizardry
 i - a +6 ring of intelligence (left hand)
 q - an amulet of reflection (around neck)
 A - the ring of Agnosticism (right hand) {EV+5 SInv}
   (You bought it in a shop on level 2 of the Dungeon)

   [ring of evasion]

   EV+5:      It affects your evasion (+5).
   SInv:      It lets you see invisible.
 C - a ring of wizardry
 I - an amulet of guardian spirit
 K - a ring of protection from fire
Wands
 d - a wand of polymorph (10)
 t - a wand of acid (3)
 B - a wand of flame (28)
Scrolls
 p - 3 scrolls of teleportation
 s - 4 scrolls of fog
 z - 2 scrolls of enchant armour
 D - a scroll of vulnerability
 H - 2 scrolls of blinking
 J - a scroll of amnesia
 L - a scroll of revelation
 M - a scroll of identify
Potions
 e - 4 potions of heal wounds
 f - a potion of ambrosia
 h - 2 potions of brilliance
 m - 3 potions of attraction
 n - 4 potions of cancellation
 o - 5 potions of lignification
 r - 8 potions of haste
 v - a potion of enlightenment
 w - 2 potions of degeneration {unknown}
 x - 4 potions of resistance {unknown}
 E - 2 potions of magic {unknown}
 F - 2 potions of invisibility {unknown}
 G - 3 potions of mutation {unknown}


   Skills:
 + Level 11.2 Fighting
 + Level 11.8 Axes
 + Level 10.3 Armour
 + Level 10.4 Shields


You had 10 spell levels left.
You didn't know any spells.
Your spell library contained the following spells:

 Spells                   Type           Power      Damage    Failure   Level
 Magic Dart               Conj           0%         1d3       80%         1
 Shock                    Conj/Air       0%         1d3       80%         1
 Sting                    Tmut/Pois      0%         1d3       80%         1
 Cigotuvi's Dreadful Rot  Necr/Pois/Air  0%         N/A       91%         2
 Poisonous Vapours        Pois/Air       0%         N/A       91%         2
 Scorch                   Fire           0%         2d5       91%         2
 Searing Ray              Conj           0%         2d4       91%         2
 Dazzling Flash           Conj/Hex       0%         N/A       99%         3
 Frozen Ramparts          Ice            0%         1d1       99%         3
 Hailstorm                Conj/Ice       0%         3d3       99%         3
 Ignite Poison            Fire/Tmut/Pois 0%         N/A       99%         3
 Inner Flame              Hex/Fire       0%         N/A       99%         3
 Stone Arrow              Conj/Erth      0%         3d7       99%         3
 Swiftness                Air            0%         N/A       99%         3
 Airstrike                Air            0%         2d(0-16)  100%        4
 Animate Armour           Summ/Erth      0%         N/A       100%        4
 Flame Wave               Conj/Fire      0%         2d4       100%        4
 Fulminant Prism          Conj/Hex       0%         3d5       100%        4
 Olgreb's Toxic Radiance  Pois           0%         N/A       100%        4
 Petrify                  Tmut/Erth      0%         N/A       100%        4
 Summon Ice Beast         Ice/Summ       0%         N/A       100%        4
 Agony                    Necr           0%         N/A       100%        5
 Borgnjor's Vile Clutch   Necr/Erth      0%         N/A       100%        5
 Freezing Cloud           Conj/Ice/Air   0%         6-21      100%        5
 Metabolic Englaciation   Hex/Ice        0%         N/A       100%        5
 Silence                  Hex/Air        0%         N/A       100%        5
 Yara's Violent Unravell  Hex/Tmut       0%         3d3       100%        5
 Death Channel            Necr           0%         N/A       100%        6
 Summon Cactus Giant      Summ           0%         N/A       100%        6
 Enfeeble                 Hex            0%         N/A       100%        7
 Lehudib's Crystal Spear  Conj/Erth      0%         10d2      100%        8
 Animate Dead             Necr           Unusable   N/A       N/A         4
 Simulacrum               Ice/Necr       Unusable   N/A       N/A         6

Dungeon Overview and Level Annotations

Branches:
Dungeon (11/15)            Temple (1/1) D:5            Lair (0/5) D:10
  Sewer (visited)         Ossuary (visited)          Bailey (visited)
    Orc: D:9-12

Altars:
Ashenzari
Cheibriados
Dithmenos
Elyvilon
Fedhas
Gozag
Hepliaklqana
Kikubaaqudgha
Makhleb
Nemelex Xobeh
Okawaru
Qazlal
Ru
Sif Muna
Trog
Uskayaw
Vehumet
Wu Jian
Xom
Yredelemnul
Zin
The Shining One

Shops:
D:2 =   D:10 =:**


Message History

The gnoll sergeant shouts!
You hit the yak but do no damage.
The yak is moderately wounded.
You slash the cyclops! You freeze the cyclops.
You kill the cyclops!
The gnoll sergeant is no longer distracted by gold.
The gnoll is distracted by your dazzling golden aura.
The yak gores you but does no damage.
You are too injured to fight recklessly!
Unknown command.
You are too injured to fight recklessly!
Unknown command.
You are too injured to fight recklessly!
Unknown command.
You are too injured to fight recklessly!
The gnoll shouts!
You hit the yak but do no damage.
The yak is moderately wounded.
You hit the yak but do no damage. You block the gnoll sergeant's attack.
You slash the yak! You freeze the yak.
The yak is almost dead.
You hit the yak. You freeze the yak.
The gnoll is no longer distracted by gold.
The yak closely misses you. The yak gores you!
* * * LOW HITPOINT WARNING * * *
You block the gnoll sergeant's attack.
You closely miss the yak.
The yak is almost dead.
You closely miss the yak.
A gnoll comes into view. It is wielding a +0 spear.
The yak gores you!
* * * LOW HITPOINT WARNING * * *
You block the yak's attack. The gnoll sergeant misses you.
You hit the yak. You freeze the yak.
The yak is almost dead.
You barely miss the yak. The yak gores you!
* * * LOW HITPOINT WARNING * * *
The yak gores you!
You die...
Your body crumbles into a pile of gold.

#........# #........#
##.####.... #...
..#### # #... ### #.
...# #.. #.#
#...##.##########
#..)....g..gg$@Y#
#...##.########Y......
#[. #.# ..####. #. #<#
### # #.# #.# #.. ##.
..


You could see 2 yaks, a gnoll sergeant and 2 gnolls.

Vanquished Creatures
  A two-headed ogre (D:9)
  An orc knight (Bailey)
  A cyclops (D:11)
  An elephant (D:10)
  Joseph (D:7)
  Maggie (D:6)
  Jeremiah (D:7)
  A troll (D:9)
  Grinder (D:4)
  A shadow (D:9)
  A vampire (D:10)
  4 yaks
  Sigmund (D:3)
  2 wyverns
  2 wraiths (D:9)
  A steam dragon (D:6)
  An acid dragon (D:9)
  A water moccasin (D:6)
  4 orc warriors
  6 sky beasts
  An ice beast (D:7)
  3 black bears
  Blork the orc (D:6)
  3 kobold brigands
  2 elf zombies (Ossuary)
  7 scorpions
  3 bullfrogs
  A gnoll sergeant (D:11)
  9 wights (D:8)
  8 killer bees
  4 howler monkeys
  Crazy Yiuf (D:2)
  5 jellies
  A human zombie (Ossuary)
  An orc priest (D:6)
  2 hounds
  5 sleepcaps
  5 iguanas
  10 orc wizards
  A hound zombie (Ossuary)
  4 mummies (Ossuary)
  14 gnolls
  6 river rats
  6 adders
  A white imp (D:5)
  2 ufetubi (D:5)
  3 adder zombies (Ossuary)
  6 dart slugs (D:1)
  5 worms
  42 orcs
  3 ball pythons
  16 endoplasms
  8 giant cockroaches
  2 gnoll zombies (Ossuary)
  7 goblins
  11 hobgoblins
  15 kobolds
  4 quokkas
  4 bats
  6 frilled lizards
  2 hobgoblin zombies (Ossuary)
  A kobold zombie (Ossuary)
  10 rats
284 creatures vanquished.

Vanquished Creatures (others)
  A kobold (D:6)
1 creature vanquished.

Grand Total: 285 creatures vanquished

Notes
Turn   | Place    | Note
-------+----------+-------------------------------------------
     0 | D:1      | p00ps00p the Hill Orc Fighter began the quest for the Orb.
     0 | D:1      | Reached XP level 1. HP: 19/19 MP: 1/1
    69 | D:1      | Reached XP level 2. HP: 19/27 MP: 2/2
   261 | D:1      | Reached XP level 3. HP: 28/33 MP: 3/3
   787 | D:2      | Reached XP level 4. HP: 40/40 MP: 4/4
  1110 | D:2      | Found Enutem's Jewellery Shop.
  1145 | D:2      | Found a runed translucent door.
  1146 | D:2      | Noticed Crazy Yiuf
  1383 | D:2      | Killed Crazy Yiuf
  1384 | D:2      | Reached XP level 5. HP: 46/47 MP: 5/5
  1440 | D:3      | Noticed Sigmund
  1899 | D:3      | Killed Sigmund
  1900 | D:3      | Reached skill level 5 in Fighting
  1900 | D:3      | Reached XP level 6. HP: 19/56 MP: 6/6
  2926 | D:4      | Found a sand-covered staircase.
  2931 | Ossuary  | Entered an ossuary
  2946 | Ossuary  | Reached skill level 5 in Axes
  2957 | Ossuary  | Reached skill level 5 in Armour
  2957 | Ossuary  | Reached skill level 5 in Shields
  2957 | Ossuary  | Reached XP level 7. HP: 29/61 MP: 7/7
  3608 | D:4      | Noticed Grinder
  3614 | D:4      | Paralysed by Grinder for 5 turns
  3622 | D:4      | Killed Grinder
  3623 | D:4      | Reached XP level 8. HP: 58/71 MP: 8/8
  4056 | D:5      | Entered Level 5 of the Dungeon
  4117 | D:5      | Found a staircase to the Ecumenical Temple.
  4141 | Temple   | Entered the Ecumenical Temple
  4148 | Temple   | Became a worshipper of Gozag Ym Sagoz the Greedy
  4295 | D:5      | Found a white marble altar of Elyvilon.
  4295 | D:5      | Found a burning altar of Makhleb.
  4295 | D:5      | Found a shadowy altar of Dithmenos.
  4296 | D:5      | Found a bloodstained altar of Trog.
  5089 | D:6      | Found a glowing drain.
  5102 | Sewer    | Entered a sewer
  5412 | Sewer    | Found a viscous altar of Jiyva.
  5416 | Sewer    | Reached XP level 9. HP: 75/79 MP: 9/9
  5800 | D:6      | Noticed Blork the orc
  5822 | D:6      | Killed Blork the orc
  6141 | D:6      | Found a blossoming altar of Fedhas.
  6838 | D:7      | Noticed Maggie
  6867 | D:6      | Killed Maggie
  7077 | D:2      | Bought the ring of Agnosticism {EV+5 SInv} for 472 gold
                  | pieces
  7247 | D:7      | Noticed Joseph
  7261 | D:7      | Killed Joseph
  7262 | D:7      | Reached XP level 10. HP: 45/91 MP: 10/10
  7775 | D:7      | Noticed Jeremiah
  8203 | D:7      | Killed Jeremiah
  8860 | D:8      | Reached skill level 10 in Axes
  9326 | D:8      | Reached skill level 10 in Fighting
  9767 | D:9      | Found a flagged portal.
  9806 | Bailey   | Entered a bailey
  9975 | Bailey   | Noticed an orc knight
 10016 | Bailey   | Killed an orc knight
 11091 | D:9      | Noticed a two-headed ogre
 11102 | D:9      | Reached XP level 11. HP: 90/101 MP: 11/11
 11104 | D:9      | Killed a two-headed ogre
 11301 | D:9      | Found the +9 staff of Olgreb {rPois∞}
 11351 | D:10     | Entered Level 10 of the Dungeon
 11558 | D:10     | Reached skill level 10 in Shields
 11574 | D:10     | Bought a scroll of acquirement for 572 gold pieces
 11575 | D:10     | Acquired 758 gold pieces
 11920 | D:10     | Found Pexkan's Book Emporium.
 11920 | D:10     | Noticed a +0 hand axe
 11920 | D:10     | Noticed a +0 dagger
 11921 | D:10     | Found a hide-covered altar of Uskayaw.
 11977 | D:10     | Reached skill level 10 in Armour
 12151 | D:10     | Found Emod's Assorted Antiques.
 12227 | D:10     | Found a hazy altar of Hepliaklqana.
 12255 | D:10     | Found a staircase to the Lair.
 12573 | D:11     | Noticed a brown ugly thing
 12573 | D:11     | Noticed a manticore
 13066 | D:11     | Noticed a cyclops
 13092 | D:11     | Killed a cyclops
 13096 | D:11     | Slain by a yak

Illustrated notes

Levels and vault maps discovered:
D:1:      mrwooster_arrival_statue, layout_loops_cross, minmay_vboxes
D:2:      layout_basic, serial_shops, shop, uniq_crazy_yiuf_cottage
D:3:      layout_basic, uniq_sigmund
D:4:      layout_basic, enter_ossuary_2, uniq_grinder
D:5:      wad_lake_hut, layout_loops_ring,
          chequers_temple_overflow_statue_of_worship, minmay_temple_entry_glass
D:6:      layout_rooms, mainiacjoe_overflow_six_doors_small,
          cheibrodos_sewer_entry_sluice, st_stairs_13, uniq_blork_the_orc
D:7:      layout_basic, uniq_joseph, uniq_jeremiah, uniq_maggie
D:8:      layout_basic
D:9:      layout_irregular_city, enter_bailey_5, minmay_misc_feat_x
D:10:     layout_layer_cave, nicolae_overflow_hidden_temple,
          dancing_weapons_uskayaw, grunt_lair_entry_orc_guard_hut, serial_shops,
          nicolae_book_shop_shelving, shop_coins, minmay_misc_feat_nine_boxes,
          minmay_holes
D:11:     layout_rooms, kennysheep_orc_monster_closet_entryway
Temple:   hellmonk_temple_two_chambers

Skill      XL: |  1  2  3  4  5  6  7  8  9 10 11 |
---------------+----------------------------------+-----
Axes           | 3 4 5 6 7 9 11 | 11.8
Fighting       | 4 5 6 7 9 10 11 | 11.2
Armour         | 4 5 6 8 9 10 | 10.3
Shields        | 4 5 6 8 9 10 | 10.4

Action                     |  1- 3 |  4- 6 |  7- 9 | 10-12 || total
---------------------------+-------+-------+-------+-------++-------
  Melee: War axe           |    79 |   106 |   422 |   156 ||   763
         Hand axe          |       |       |       |   370 ||   370
 Invoke: Call Merchant     |       |       |       |     2 ||     2
    Use: Scroll            |     5 |     2 |     9 |    10 ||    26
         Potion            |       |     1 |     2 |    10 ||    13
 Armour: Scale mail        |    55 |    15 |       |       ||    70
         Chain mail        |       |    96 |   274 |   241 ||   611
  Dodge: Dodged            |    33 |    46 |   155 |   224 ||   458
  Block: Buckler           |    14 |    25 |   173 |   262 ||   474
         Reflection        |       |       |     3 |     1 ||     4

Table legend: (Time is in decaauts)
 A = Elapsed time spent in this place.
 B = Non-inter-level travel time spent in this place.
 C = Inter-level travel time spent in this place.
 D = Time resting spent in this place.
 E = Time spent auto-exploring this place.
 F = Levels seen in this place.
 G = Mean time per level.
                   A        B        C        D        E       F      G
               +--------+--------+--------+--------+--------+-----+--------+
         Total |  13226 |  12579 |    647 |   2588 |   7211 |  15 |  881.7 |
       Dungeon |  11553 |  10912 |    641 |   2254 |   6335 |  11 | 1050.3 |
        Temple |     13 |      7 |      6 |      0 |      0 |   1 |   13.0 |
         Sewer |    525 |    525 |      0 |     27 |    309 |   1 |  525.0 |
       Ossuary |    455 |    455 |      0 |      0 |    354 |   1 |  455.0 |
        Bailey |    677 |    677 |      0 |    307 |    212 |   1 |  677.0 |
               +--------+--------+--------+--------+--------+-----+--------+

Top non-repeatable levels by time:
     D:7: 1815 daAuts
    D:10: 1536 daAuts
     D:6: 1456 daAuts
     D:2: 1187 daAuts
     D:3: 1143 daAuts
     D:5: 976 daAuts
     D:9: 936 daAuts
     D:8: 930 daAuts
     D:1: 755 daAuts
     D:4: 739 daAuts
  Bailey: 677 daAuts
   Sewer: 525 daAuts
 Ossuary: 455 daAuts
    D:11: 76 daAuts
  Temple: 13 daAuts
